AoeStats
← K

Nomad

508422673Analyzed
4v4 RM · 11d ago on Sep 22, 2026· 47m 29s· 8 players
Game mode
Random Map
Map size
231×231
Population
200
Speed
Normal
Resources
Standard
Victory
Conquest
Starting age
Dark Age
Ending age
Imperial Age
RankedLock teamsTeams togetherTeam positionsShared explorationLock speedFull tech treeHidden civsTurbo modeCheats
Victory
Defeat
1188
+17
🇩🇪 Malay · Germany
1187
+17
🇬🇧 Huns · United Kingdom
1170
+17
🇮🇳 Wu · India
1151
+18
🇨🇳 Persians · China
1223
-18
🇪🇸 Magyars · Spain
1215
-18
🇨🇳 Franks · China
1211
-18
🇨🇳 Khitans · China
1154
-15
西貢蘇tszxxx怒插慈雲山傻尻
7:38 Loom
14:06 Feudal Age
16:15 Wheelbarrow
17:21 Double-Bit Axe
19:12 Scale Mail Armor
19:24 Forging
21:20 Castle Age
20:05 Forging
20:59 Scale Barding Armor
22:20 Bow Saw
22:29 Bloodlines
23:07 Husbandry
24:56 Iron Casting
25:33 Chain Barding Armor
29:25 Hand Cart
29:48 Town Watch
30:06 Horse Collar
30:51 Heavy Plow
35:39 Imperial Age
33:43 Gold Mining
35:23 Town Patrol
37:54 Blast Furnace
37:25 Squires
37:29 Heavy Hei Guang Cavalry
40:47 Gold Shaft Mining
40:03 Stone Mining
41:10 Ming Guang Armor
41:18 Conscription
45:19 Stone Shaft Mining
45:17 Light Cavalry
46:59 Hussar
fumarmata
4:09 Loom
14:16 Feudal Age
13:54 Double-Bit Axe
20:08 Castle Age
20:09 Bow Saw
21:04 Medium Warships
21:16 Forging
21:04 Horse Collar
21:12 Fishing Lines
26:56 Wheelbarrow
26:07 Town Watch
29:50 Imperial Age
28:05 Stone Mining
28:33 Hand Cart
28:29 Heavy Plow
28:24 Gold Mining
30:31 Fletching
31:59 Bodkin Arrow
34:14 Iron Casting
34:28 Bracer
34:51 Ballistics
35:33 Chemistry
37:20 Padded Archer Armor
38:03 Crossbowman
39:03 Leather Archer Armor
38:40 Arbalester
39:28 Thumb Ring
42:28 Ring Archer Armor
RiGhT
13:36 Feudal Age
17:14 Castle Age
16:42 Horse Collar
17:55 Double-Bit Axe
19:30 Bow Saw
20:10 Heavy Plow
21:20 Town Watch
21:30 Loom
22:32 Pikeman
24:24 Forging
25:09 Ballistics
30:25 Iron Casting
34:08 Fletching
36:33 Treadmill Crane
38:42 Gold Mining
38:52 Stone Mining
39:50 Bodkin Arrow
41:23 Wheelbarrow
41:30 Squires
42:40 Gold Shaft Mining
42:59 Hand Cart
43:39 Padded Archer Armor
44:45 Leather Archer Armor
47:50 Imperial Age
45:32 Scale Mail Armor
45:20 Arson
45:41 Red Cliffs Tactics
47:11 Chain Mail Armor
K
14:37 Feudal Age
19:12 Castle Age
17:36 Fletching
18:49 Padded Archer Armor
19:08 Double-Bit Axe
23:21 Loom
24:29 Town Watch
27:07 Thumb Ring
29:05 Bodkin Arrow
29:09 Gold Mining
30:22 Wheelbarrow
31:16 Husbandry
33:53 Pikeman
34:48 Forging
36:14 Scale Mail Armor
37:47 Squires
38:09 Chain Mail Armor
42:42 Iron Casting
46:28 Leather Archer Armor
零贰cc
8:08 Loom
15:33 Feudal Age
20:16 Castle Age
18:54 Double-Bit Axe
19:10 Loom
26:18 Medium Warships
27:00 Scale Barding Armor
30:00 Forging
33:24 Chain Barding Armor
33:00 Gold Mining
33:46 Wheelbarrow
33:27 Bow Saw
34:23 Pikeman
37:55 Hand Cart
41:25 Imperial Age
40:03 Gold Shaft Mining
39:18 Stone Mining
40:30 Iron Casting
41:43 Cavalier
42:25 Husbandry
43:05 Murder Holes
Jambo
4:10 Loom
13:04 Feudal Age
14:21 Double-Bit Axe
16:18 Fishing Lines
17:12 Scale Barding Armor
17:32 Bloodlines
18:12 Horse Collar
24:31 Castle Age
24:58 Light Cavalry
25:38 Husbandry
26:00 Chain Barding Armor
26:25 Fletching
26:35 Stone Mining
26:58 Bow Saw
26:50 Heavy Plow
35:01 Wheelbarrow
34:11 Town Watch
38:47 Imperial Age
36:35 Hand Cart
38:25 Scale Mail Armor
38:21 Bodkin Arrow
41:08 Plate Barding Armor
40:33 Bracer
46:37 Padded Archer Armor
47:43 Thumb Ring
48:05 Parthian Tactics
YUZ
7:05 Loom
13:40 Feudal Age
17:45 Castle Age
19:12 Scale Barding Armor
19:18 Forging
18:59 Double-Bit Axe
18:55 Horse Collar
19:59 Bloodlines
19:52 Husbandry
27:38 Chain Barding Armor
白给
12:51 Loom
15:57 Feudal Age
24:41 Castle Age
31:29 Lamellar Armor
32:02 Forging
35:14 Scale Mail Armor
41:52 Chain Mail Armor
42:14 Iron Casting
Connection lost

Rejoining the realm…

Still unreachable

The connection could not be restored.

Session expired

The server has moved on; the page needs a fresh start.